 Dungeon Crawl Stone Soup version 0.30-a0-800-g7c544603b3 (webtiles) character file.

Game seed: 6104506842200420727

313 cforsyth the Sneak (level 6, -2/57 HPs)
             Began as a Kobold Brigand on Feb 23, 2023.
             Succumbed to a scorpion's poison
             ... on level 4 of the Dungeon.
             The game lasted 00:07:59 (4431 turns).

cforsyth the Sneak (Kobold Brigand)                 Turns: 4431, Time: 00:07:59

Health: -2/57      AC: 23    Str:  8    XL:     6   Next: 71%
Magic:  4/6        EV:  3    Int: 13    God:
Gold:   277        SH:  0    Dex: 18    Spells: 5/5 levels left

rFire   . . .      SeeInvis .    a - +2 dagger
rCold   . . .      Faith    .    (no shield)
rNeg    . . .      Spirit   +    (body armour currently unavailable)
rPois   +          Reflect  .    (helmet currently unavailable)
rElec   .          Harm     .    (cloak currently unavailable)
rCorr   .          Rampage  .    (gloves currently unavailable)
Will    .....      NoTele   +    (boots currently unavailable)
Stlth   +++++                    b - amulet of guardian spirit
HPRegen 0.29/turn                (no ring)
MPRegen 0.10/turn                (no ring)

@: lethally poisoned (-2 -> -21), tree-form
A: stationary, stasis, torment immunity, boosted hp, small, no large weapons,
nightstalker 3
a: no special abilities


You were on level 4 of the Dungeon.
You were a tree.
You visited 2 branches of the dungeon, and saw 6 of its levels.

You collected 277 gold pieces.

Inventory:

Hand Weapons
 a - a +2 dagger (weapon)
Missiles
 d - 23 poisoned darts (quivered)
 e - 3 curare-tipped darts
Armour
 c - a +0 cloak (melded)
 l - the +7 Kryia's mail coat (melded) {PotionHeal*2 rC+}
   (You found it on level 2 of the Dungeon)

   PotionHeal*2: Potions heal its wearer twice as much.
   rC:        It protects you from cold.
 t - a +0 helmet (melded)
 u - a scarf of invisibility
Jewellery
 b - an amulet of guardian spirit (around neck)
Scrolls
 g - a scroll of blinking {unknown}
 h - 2 scrolls of magic mapping {unknown}
 j - 2 scrolls of torment {unknown}
 k - a scroll of immolation
 n - 2 scrolls of enchant armour {unknown}
 q - 3 scrolls of identify {unknown}
 v - a scroll of fear {unknown}
 w - a scroll of butterflies {unknown}
 y - 4 scrolls of teleportation {unknown}
 z - a scroll of acquirement {unknown}
 A - a scroll of noise {unknown}
Potions
 f - 2 potions of lignification
 i - 2 potions of curing {unknown}
 m - a potion of heal wounds {unknown}
 o - a potion of magic {unknown}
 p - a potion of degeneration {unknown}
 r - a potion of invisibility {unknown}
 s - 2 potions of mutation {unknown}
 x - a potion of cancellation {unknown}


   Skills:
 + Level 4.0 Fighting
 + Level 4.9 Short Blades
 - Level 2.1 Throwing
 + Level 3.9 Dodging
 + Level 7.0 Stealth


You had 5 spell levels left.
You didn't know any spells.
Your spell library was empty.

Dungeon Overview and Level Annotations

Branches:
Dungeon (5/15)             Temple (1/1) D:5

Altars:
Ashenzari
Cheibriados
Elyvilon
Fedhas
Gozag
Hepliaklqana
Makhleb
Nemelex Xobeh
Okawaru
Qazlal
Ru
Sif Muna
Trog
Uskayaw
Wu Jian
Xom
Yredelemnul
Zin
The Shining One

Shops:
D:4 :

Annotations:
D:4 1 runed translucent door, oldplebian's ghost, amateur MiBe


Innate Abilities, Weirdness & Mutations

You are a tree.
Your roots penetrate the ground, keeping you stationary.
You cannot be teleported.
You are immune to unholy pain and torment.
Your maximum health is greatly increased.
Your equipment is partially melded.
You are small and have problems with some larger weapons.
You are completely attuned to the shadows.


Message History

You feel sick. The scorpion stings you.
You are more poisoned.
The scorpion poisons you!
You hit the scorpion but do no damage.
The scorpion is almost dead.
You feel very sick.
The scorpion stings you but does no damage.
You hit the scorpion.
The scorpion is almost dead.
You feel very sick. The scorpion stings you.
You are lethally poisoned!
The scorpion poisons you!
You hit the scorpion but do no damage.
The scorpion is almost dead.
You feel very sick. The scorpion barely misses you.
You completely miss the scorpion.
The scorpion is almost dead.
* * * LOW HITPOINT WARNING * * *
You feel very sick.
The scorpion stings you but does no damage.
You hit the scorpion but do no damage.
The scorpion is almost dead.
* * * LOW HITPOINT WARNING * * *
You feel sick. The scorpion stings you.
* * * LOW HITPOINT WARNING * * *
You are more poisoned.
The scorpion poisons you!
You hit the scorpion but do no damage.
The scorpion is almost dead.
* * * LOW HITPOINT WARNING * * *
You feel very sick.
The scorpion stings you but does no damage.
It was a potion of lignification.
You turn into a tree.
Your +0 cloak melds into your body.
Your +0 helmet melds into your body.
The +7 Kryia's mail coat {PotionHeal*2 rC+} melds into your body.
Your attunement to healing potions decreases.
Your roots penetrate the ground.
You die...

##.########...........#######.
####.## #.........<...##....
....## #...................
##### #...###.............
#..## ##.......##### #..##
##....### # #...# ###### ##s>#
#.♣# ##..# ### #..##
..############..# ##### ##
##.............## ##...#####.
##.)..#####.### ##..##.....#
###### ### ##.########## #.##
###


You could see a scorpion.

Vanquished Creatures
  A scorpion (D:4)
  A hound (D:4)
  An orc priest (D:3)
  An iguana (D:4)
  2 orc wizards (D:4)
  2 adders (D:4)
  8 dart slugs
  9 orcs
  5 endoplasms
  5 giant cockroaches
  3 goblins
  11 hobgoblins
  6 quokkas
  5 ball pythons
  2 bats
  4 frilled lizards (D:1)
  4 kobolds
  8 rats
78 creatures vanquished.

Notes
Turn   | Place    | Note
-------+----------+-------------------------------------------
     0 | D:1      | cforsyth the Kobold Brigand began the quest for the Orb.
     0 | D:1      | Reached XP level 1. HP: 12/12 MP: 1/1
   207 | D:1      | Reached XP level 2. HP: 18/18 MP: 2/2
   229 | D:1      | Found a faded altar of an unknown god.
   561 | D:1      | Reached XP level 3. HP: 22/22 MP: 3/3
   836 | D:2      | Found the +7 Kryia's mail coat {PotionHeal*2 rC+}
   916 | D:2      | Identified the +2 pair of gloves of Sharp Miracles {Rampage
                  | Regen+ rCorr Int-4}
  1265 | D:2      | Reached XP level 4. HP: 27/27 MP: 4/4
  1529 | D:3      | Reached skill level 6 in Stealth
  1716 | D:3      | Found an ornate altar of the Wu Jian Council.
  1927 | D:4      | Reached XP level 5. HP: 28/32 MP: 3/5
  2675 | D:4      | Reached XP level 6. HP: 15/37 MP: 2/6
  2799 | D:4      | Found Qebaesk's Book Emporium.
  2853 | D:4      | Found a runed translucent door.
  2855 | D:4      | Noticed oldplebian's ghost (amateur MiBe)
  3563 | D:5      | Entered Level 5 of the Dungeon
  3577 | D:5      | Noticed an ogre
  4211 | D:5      | Found a staircase to the Ecumenical Temple.
  4214 | D:5      | Identified the +1 robe "Lecsio Reuss" {rN++ Int-4}
  4218 | Temple   | Entered the Ecumenical Temple
  4386 | D:5      | Noticed an ogre
  4408 | D:4      | Reached skill level 7 in Stealth
  4430 | D:4      | HP: 1/38 [poisoned by a scorpion]
  4431 | D:4      | Succumbed to a scorpion's poison

Illustrated notes

Levels and vault maps discovered:
D:1:      dpeg_arrival_lava_temple_mockup, layout_basic, basic_ecumenical_altar
D:2:      layout_basic, minivault_4, minmay_misc_feat_doors
D:3:      layout_rooms, mainiacjoe_overflow_boulevard
D:4:      layout_layer_cave, serial_shops, nicolae_shop_window_shopping,
          ebering_ghost_inner_flame
D:5:      layout_loops_ring, minmay_temple_entry_glass
Temple:   compressed_dpeg_circular_temple

Skill      XL: |  1  2  3  4  5  6 |
---------------+-------------------+-----
Short Blades   | 3 4 |  4.9
Dodging        | 2 3 |  3.9
Stealth        | 6 7 |  7.0
Fighting       | 3 4 |  4.0
Throwing       | |  2.1

Action                     |  1- 3 |  4- 6 || total
---------------------------+-------+-------++-------
  Melee: Dagger            |    97 |   263 ||   360
         Punch             |       |     1 ||     1
    Use: Potion            |       |     1 ||     1
   Stab: Sleeping          |    23 |    15 ||    38
         Distracted        |     1 |     2 ||     3
 Armour: Robe              |    17 |       ||    17
         Scale mail        |     9 |   117 ||   126
  Dodge: Dodged            |    43 |    95 ||   138

Table legend: (Time is in decaauts)
 A = Elapsed time spent in this place.
 B = Non-inter-level travel time spent in this place.
 C = Inter-level travel time spent in this place.
 D = Time resting spent in this place.
 E = Time spent auto-exploring this place.
 F = Levels seen in this place.
 G = Mean time per level.
                   A        B        C        D        E       F      G
               +--------+--------+--------+--------+--------+-----+--------+
         Total |   4366 |   4230 |    136 |    783 |   2642 |   6 |  727.7 |
       Dungeon |   4204 |   4068 |    136 |    783 |   2507 |   5 |  840.8 |
        Temple |    161 |    161 |      0 |      0 |    135 |   1 |  161.0 |
               +--------+--------+--------+--------+--------+-----+--------+

Top non-repeatable levels by time:
     D:4: 1893 daAuts
     D:1: 811 daAuts
     D:3: 739 daAuts
     D:2: 648 daAuts
  Temple: 161 daAuts
     D:5: 112 daAuts
